 Dungeon Crawl Stone Soup version 0.19.4 (webtiles) character file.

7 Ksenobyte the Grave Robber (level 2, -1/20 HPs)
             Began as a Ghoul Necromancer on Feb 1, 2017.
             Slain by a frilled lizard (3 damage)
             ... on level 1 of the Dungeon.
             The game lasted 00:06:02 (449 turns).

Ksenobyte the Grave Robber (Ghoul Necromancer)       Turns: 449, Time: 00:06:02

Health: -1/20      AC:  3    Str: 11    XL:     2   Next: 0%
Magic:  3/3        EV: 11    Int: 10    God:
Gold:   0          SH:  0    Dex:  9    Spells: 2 memorised, 2 levels left

rFire  . . .     SeeInvis .     f - +0 hand axe
rCold  + . .     Gourm    .     h - +0 leather armour
rNeg   + + +     Faith    .     (no shield)
rPois  ∞         Spirit   .     (no helmet)
rElec  .         Reflect  .     (no cloak)
rCorr  +         Harm     .     (no gloves)
MR     .....                    (no boots)
Stlth  ++........               (no amulet)
                                (no ring)
                                j - ring of resist corrosion

@: rotting
A: rotting body, claws 1, carnivore 3, cold resistance 1, negative energy
resistance 3, slow regeneration 1, torment resistance, unbreathing
a: no special abilities


You were on level 1 of the Dungeon.
You were not hungry.

You visited 1 branch of the dungeon, and saw 1 of its levels.

Inventory:

Hand Weapons
 e - a +0 dagger
 f - a +0 hand axe (weapon)
 g - a +0 dagger
 n - a +0 mace
Armour
 a - a +0 robe
 h - a +0 leather armour (worn)
 k - a +0 scale mail
 m - a +0 leather armour
Jewellery
 j - a ring of resist corrosion (left claw)
Scrolls
 i - a scroll of magic mapping {unknown}
 l - a scroll of amnesia {unknown}
Potions
 d - a potion of curing {unknown}
Books
 b - a book of Necromancy

   Spells                             Type                      Level
   a - Pain                           Necromancy                   1
   b - Animate Skeleton               Necromancy                   1
   c - Vampiric Draining              Necromancy                   3
   d - Regeneration                   Charms/Necromancy            3
   e - Animate Dead                   Necromancy                   4
   f - Control Undead                 Necromancy                   4
Comestibles
 c - 2 meat rations


   Skills:
 + Level 1.9 Dodging
 + Level 2.2 Stealth
 + Level 0.2 Unarmed Combat
 + Level 1.7 Spellcasting
 + Level 4.2 Necromancy


You had 2 spell levels left.
You knew the following spells:

 Your Spells              Type           Power        Failure   Level  Hunger
a - Pain                  Necr           #...         10%         1    ##.....
b - Animate Skeleton      Necr           N/A          10%         1    ##.....


Dungeon Overview and Level Annotations

Branches:
Dungeon (1/15)

Altars:


Innate Abilities, Weirdness & Mutations

Your body is rotting away.
You thrive on raw meat.
You are immune to poison.
You have sharp fingernails.
You are carnivorous and can eat meat at any time.
Your flesh is cold resistant. (rC+)
You are immune to negative energy. (rN+++)
You regenerate slowly when monsters are visible.
You are immune to unholy pain and torment.
You can survive without breathing.


Message History

You escape the ball python's grasp.
Found a stone staircase leading down.
The ball python bites you but does no damage.
The ball python closely misses you.
You see here 10 gold pieces.
There is a stone staircase leading down here.
A frilled lizard comes into view.
The ball python barely misses you. The ball python closely misses you.
The frilled lizard hisses angrily.
The ball python bites you but does no damage.
The ball python misses you.
You miss the frilled lizard. You hit the ball python.
The frilled lizard barely misses you. The ball python barely misses you. x2
You hit the frilled lizard but do no damage.
You hit the ball python.
You kill the ball python!
You have reached level 2!
The frilled lizard bites you but does no damage.
The frilled lizard bites you.
You die...

#.#
#.#
#.#
#.#
#.#
#.#
#.#
#.#
#@#
#l#
#.#
#.#
#.#
#.#
#.#
#.#


You could see a frilled lizard.

Vanquished Creatures
  A leopard gecko (D:1)
  A giant cockroach (D:1)
  A goblin (D:1)
  A ball python (D:1)
  A bat (D:1)
  A kobold (D:1)
6 creatures vanquished.

Notes
Turn   | Place    | Note
-------+----------+-------------------------------------------
     0 | D:1      | Ksenobyte the Ghoul Necromancer began the quest for the Orb.
     0 | D:1      | Reached XP level 1. HP: 14/14 MP: 2/2
   381 | D:1      | Learned a level 1 spell: Animate Skeleton
   449 | D:1      | Reached XP level 2. HP: 2/20 MP: 3/3
   449 | D:1      | Slain by a frilled lizard

Action                   || total
-------------------------++-------
Melee: Unarmed           ||    26
       Hand axe          ||    10
 Stab: Sleeping          ||     1
Armor: Leather armour    ||     8
       Robe              ||     7
Dodge: Dodged            ||    34
